 Dungeon Crawl Stone Soup version 0.29-a0-492-g10b964d8d7 (webtiles) character file.

Game seed: 13222866694899419490

883 enhard the Jinx (level 7, -1/32 HPs)
             Began as a Spriggan Enchanter on May 26, 2022.
             Was an Initiate of Dithmenos.
             Killed by nerve-wracking pain
             ... invoked by an orc priest
              (4 damage)
             ... on level 6 of the Dungeon on May 27, 2022.
             The game lasted 00:17:41 (5499 turns).

enhard the Jinx (Spriggan Enchanter)                Turns: 5499, Time: 00:17:42

Health: -1/32      AC:  4    Str:  6    XL:     7   Next: 76%
Magic:  13/19      EV: 17    Int: 17    God:    Dithmenos [......]
Gold:   221        SH:  0    Dex: 15    Spells: 10/21 levels left

rFire   + . .      SeeInvis +   a - +1 dagger (flame)
rCold   + . .      Faith    .   (no shield)
rNeg    + . .      Spirit   .   b - +0 robe
rPois   .          Reflect  .   p - +2 hat
rElec   .          Harm     .   t - scarf {rC+ rF+}
rCorr   .          Rampage  .   (gloves unavailable)
Will    +....                   (boots unavailable)
Stlth   +++.......              (no amulet)
HPRegen 0.10/turn               m - ring of flight
MPRegen 0.16/turn               g - ring of positive energy

@: flying, very quick
A: very small, no large weapons, unfitting armour, see invisible, speed 3
a: Renounce Religion


You were on level 6 of the Dungeon.
You worshipped Dithmenos.
Dithmenos was noncommittal.
You visited 2 branches of the dungeon, and saw 7 of its levels.

You collected 335 gold pieces.
You spent 114 gold pieces at shops.

Inventory:

Hand Weapons
 a - a +1 dagger of flaming (weapon)
Missiles
 d - 6 atropa-tipped darts (quivered)
 f - 9 poisoned darts
 n - 2 curare-tipped darts
Armour
 b - a +0 robe (worn)
 p - a +2 hat (worn)
 t - a scarf of resistance (worn)
Jewellery
 g - a ring of positive energy (right hand)
 m - a ring of flight (left hand)
Wands
 e - a wand of iceblast (16)
Scrolls
 q - a scroll of immolation
 r - a scroll of fog
Potions
 c - 2 potions of invisibility
 h - a potion of brilliance
 i - 2 potions of lignification
 j - 2 potions of might
 k - 3 potions of flight
 l - a potion of resistance {unknown}
 o - 2 potions of ambrosia
 u - a potion of cancellation {unknown}


   Skills:
 - Level 1.1 Short Blades
 - Level 2.6 Dodging
 * Level 5.4 Stealth
 + Level 7.7 Spellcasting
 + Level 8.2 Hexes


You had 10 spell levels left.
You knew the following spells:

 Your Spells              Type           Power      Damage    Failure   Level
a - Ensorcelled Hibernat  Hex/Ice        40%        N/A       3%          2
b - Tukima's Dance        Hex            34%        N/A       1%          3
c - Dazzling Flash        Conj/Hex       40%        N/A       6%          3
d - Confusing Touch       Hex            34%        N/A       1%          3

Your spell library contained the following spells:

 Spells                   Type           Power      Damage    Failure   Level
 Portal Projectile        Hex/Tloc       40%        N/A       6%          3
 Freeze                   Ice            24%        1d5       11%         1
 Blink                    Tloc           12%        N/A       16%         2
 Passwall                 Tmut/Erth      5%         N/A       16%         2
 Sublimation of Blood     Necr           6%         N/A       16%         2
 Conjure Flame            Conj/Fire      6%         6-21      32%         3
 Frozen Ramparts          Ice            12%        1d3       32%         3
 Lesser Beckoning         Tloc           6%         N/A       32%         3
 Mephitic Cloud           Conj/Pois/Air  6%         N/A       32%         3
 Swiftness                Air            6%         N/A       32%         3
 Hailstorm                Conj/Ice       6%         3d4       71%         4
 Petrify                  Tmut/Erth      6%         N/A       71%         4
 Blade Hands              Tmut           3%         N/A       96%         5
 Irradiate                Conj/Tmut      3%         3d14      96%         5
 Manifold Assault         Tloc           6%         N/A       96%         5
 Orb of Destruction       Conj           3%         9d5       100%        7


Dungeon Overview and Level Annotations

Branches:
Dungeon (6/15)             Temple (1/1) D:5

Altars:
Ashenzari
Cheibriados
Dithmenos
Elyvilon
Fedhas
Gozag
Hepliaklqana
Kikubaaqudgha
Makhleb
Nemelex Xobeh
Okawaru
Qazlal
Ru
Sif Muna
Trog
Uskayaw
Vehumet
Wu Jian
Xom
Yredelemnul
Zin
The Shining One

Shops:
D:5 ?::[


Innate Abilities, Weirdness & Mutations

You are very small and have problems with some larger weapons.
You are too small for most types of armour.
You have supernaturally acute eyesight. (SInv)
You cover ground extremely quickly. (Speed+++)


Message History

The creatures around you are filled with an inner flame!
The orc hits you with a +0 whip.
* * * LOW HITPOINT WARNING * * *
The orc hits you with a +0 flail.
* * * LOW HITPOINT WARNING * * *
The orc priest barely misses you. The orc misses you.
You feel much better. The orc misses you. The orc barely misses you.
The orc priest looks braver for a moment.
The orc hits you with a +0 trident!
Unknown command.
Unknown command.
The orc barely misses you.
The orc priest calls down the wrath of Beogh upon you.
Beogh smites you!
* * * LOW HITPOINT WARNING * * *
The orc completely misses you.
You see here a scroll labelled FIECAV ANUTANLOXKU.
Unknown command.
Unknown command.
Unknown command.
Aiming: Iceblast
Press: ? - help, Shift-Dir - straight line, p - orc priest The mass of ice explodes!
The iceblast engulfs the orc!
Dithmenos accepts your kill.
The iceblast engulfs the orc!
Dithmenos accepts your kill.
The orc explodes!
The fiery explosion engulfs the orc!!
Dithmenos accepts your kill.
The orc explodes! x2
Unknown command.
Unknown command.
Unknown command.
Aiming: Iceblast
Press: ? - help, Shift-Dir - straight line The mass of ice explodes!
The iceblast engulfs the orc priest but does no damage.
The orc priest calls down the wrath of Beogh upon you.
Pain shoots through your body!
You die...

##########..........
#...........######..
#...........# #...
#§§§........# #...
#.§§§o...<..# #...
#.§§§.......# ######
###§§...##### #.....
#§§...# #.....
#@....# #.....
#.....# #.....
#.....# #.....
#.....# #.....
#.....# #.....
#.....# #.....
#.....# #.....
####### ######


You could see an orc priest (inner flame).

Vanquished Creatures
  2 black bears (D:5)
  An ice beast (D:5)
  2 ogres (D:5)
  The ghost of Longtemps the Sneak, an amateur OpEE of Vehumet (D:4)
  A scorpion (D:4)
  A jelly (D:5)
  A hound (D:6)
  An iguana (D:5)
  7 gnolls
  3 adders
  A shadow imp (D:5)
  A white imp (D:5)
  An ufetubus (D:5)
  2 worms
  3 dart slugs
  14 orcs
  6 ball pythons
  4 bats
  8 endoplasms
  4 giant cockroaches
  6 goblins
  5 hobgoblins
  4 jackals (D:2)
  3 kobolds
  6 quokkas
  3 frilled lizards
  2 rats (D:2)
93 creatures vanquished.

Vanquished Creatures (others)
  A dancing weapon (D:3)
1 creature vanquished.

Grand Total: 94 creatures vanquished

Notes
Turn   | Place    | Note
-------+----------+-------------------------------------------
     0 | D:1      | enhard the Spriggan Enchanter began the quest for the Orb.
     0 | D:1      | Reached XP level 1. HP: 9/9 MP: 5/5
   422 | D:1      | Reached skill level 4 in Hexes
   422 | D:1      | Reached XP level 2. HP: 13/13 MP: 7/7
   425 | D:1      | Learned a level 2 spell: Ensorcelled Hibernation
   455 | D:1      | You fall into a shaft and drop 1 floor!
   688 | D:1      | Reached XP level 3. HP: 16/16 MP: 9/9
   692 | D:1      | Learned a level 3 spell: Tukima's Dance
   696 | D:1      | Learned a level 3 spell: Confusing Touch
   725 | D:1      | Found a faded altar of an unknown god.
  1920 | D:3      | Reached skill level 5 in Hexes
  1920 | D:3      | Reached XP level 4. HP: 21/21 MP: 8/11
  2013 | D:3      | Got the Papyrus of Mutagenic Arcane Weapons
  2748 | D:3      | Reached XP level 5. HP: 24/24 MP: 3/13
  2756 | D:3      | Reached skill level 5 in Spellcasting
  3073 | D:4      | Found a sacrificial altar of Ru.
  3245 | D:4      | Learned a level 3 spell: Dazzling Flash
  3284 | D:4      | Found a runed translucent door.
  3284 | D:4      | Noticed Longtemps's ghost (amateur OpEE)
  3306 | D:4      | Killed Longtemps's ghost
  3307 | D:4      | Reached skill level 6 in Hexes
  3818 | D:4      | Reached XP level 6. HP: 28/28 MP: 11/15
  3994 | D:5      | Entered Level 5 of the Dungeon
  4107 | D:5      | Reached skill level 7 in Hexes
  4149 | D:5      | Found Femepn's Magic Scroll Shop.
  4167 | D:5      | Reached XP level 7. HP: 22/32 MP: 14/18
  4268 | D:5      | Bought a scroll of fog for 24 gold pieces
  4268 | D:5      | Bought a scroll of identify for 24 gold pieces
  4268 | D:5      | Bought a scroll of identify for 24 gold pieces
  4268 | D:5      | Bought a scroll of immolation for 42 gold pieces
  4604 | D:5      | Found Moromn's Antique Armour Shoppe.
  4706 | D:5      | Found a staircase to the Ecumenical Temple.
  4714 | D:5      | Reached skill level 8 in Hexes
  4725 | Temple   | Entered the Ecumenical Temple
  4956 | Temple   | Became a worshipper of Dithmenos the Shadowed
  4972 | D:5      | Found Hemud's Book Shoppe.
  5138 | D:5      | Found Temna Gaisoj's Book Emporium.
  5150 | D:5      | Reached skill level 5 in Stealth
  5371 | D:6      | Upgraded the game from 0.29-a0-486-ga88943ba61 to
                  | 0.29-a0-492-g10b964d8d7
  5490 | D:6      | HP: 1/32 [orc/+0 flail (6)]
  5499 | D:6      | Killed from afar by an orc priest

Illustrated notes

Levels and vault maps discovered:
D:1:      minmay_arrival_stair_chambers, layout_loops_ring,
          hellmonk_ecumenical_altar_pennies_from_heaven
D:2:      layout_basic, serial_forest, infiniplex_forest_diagonal,
          infiniplex_forest_lined_room_3, infiniplex_forest_straight_5,
          infiniplex_forest_clump_C, infiniplex_forest_clump_long,
          infiniplex_forest_clump_double, lightli_corner_chamber
D:3:      layout_rooms
D:4:      layout_basic, mainiacjoe_overflow_six_doors_small,
          gammafunk_ghost_grave, minmay_misc_feat_room
D:5:      layout_rooms, minmay_temple_entry_hall, serial_shops,
          nicolae_stop_n_shop_2, nicolae_shop_waterfront,
          nicolae_shop_temple_entry_statues_fountains, shop_fountains
D:6:      layout_gridville, uniq_maggie, uniq_menkaure, uniq_pikel
Temple:   mainiacjoe_temple_circle_huts

Skill      XL: |  1  2  3  4  5  6  7 |
---------------+----------------------+-----
Spellcasting   | 3 4 5 6 7 |  7.7
Hexes          | 4 5 6 7 8 |  8.2
Stealth        | 5 |  5.4
Short Blades   | |  1.1
Dodging        | |  2.6

Action                   |  1- 3 |  4- 6 |  7- 9 || total
-------------------------+-------+-------+-------++-------
Melee: Dagger            |    92 |   124 |    61 ||   277
 Cast: Ensorcelled Hiber |     6 |    19 |    15 ||    40
       Tukima's Dance    |     3 |     2 |       ||     5
       Confusing Touch   |       |     4 |     2 ||     6
Evoke: Wand              |       |       |     2 ||     2
  Use: Scroll            |     5 |     5 |     4 ||    14
       Potion            |       |     2 |     1 ||     3
 Stab: Sleeping          |    16 |    16 |     8 ||    40
       Confused          |       |     2 |     1 ||     3
       Distracted        |       |       |     2 ||     2
Armor: Robe              |     4 |    12 |     3 ||    19
Dodge: Dodged            |    56 |    73 |    42 ||   171

Table legend: (Time is in decaauts)
 A = Elapsed time spent in this place.
 B = Non-inter-level travel time spent in this place.
 C = Inter-level travel time spent in this place.
 D = Time resting spent in this place.
 E = Time spent auto-exploring this place.
 F = Levels seen in this place.
 G = Mean time per level.
                   A        B        C        D        E       F      G
               +--------+--------+--------+--------+--------+-----+--------+
         Total |   4221 |   4102 |    119 |    450 |   2885 |   7 |  603.0 |
       Dungeon |   4065 |   3952 |    113 |    450 |   2772 |   6 |  677.5 |
        Temple |    156 |    150 |      6 |      0 |    112 |   1 |  156.0 |
               +--------+--------+--------+--------+--------+-----+--------+

Top non-repeatable levels by time:
     D:3: 1157 daAuts
     D:5: 826 daAuts
     D:4: 668 daAuts
     D:2: 607 daAuts
     D:1: 607 daAuts
     D:6: 198 daAuts
  Temple: 156 daAuts
